 Dungeon Crawl Stone Soup version 0.31-a0-4-gefa6de2278 (webtiles) character file.

Game seed: 10060196648725738293

98 subawu the Insei (level 4, 0/34 HPs)
             Began as a Gnoll Transmuter on May 3, 2023.
             Slain by an orc
             ... wielding a +0 flail
              (6 damage)
             ... on level 3 of the Dungeon.
             The game lasted 00:16:54 (3144 turns).

subawu the Insei (Gnoll Transmuter)                 Turns: 3144, Time: 00:16:55

Health: 0/34       AC:  8    Str: 11    XL:     4   Next: 71%
Magic:  11/11      EV: 11    Int: 13    God:
Gold:   57         SH:  0    Dex: 12    Spells: 12/13 levels left

rFire   . . .        g - +0 club
rCold   . . .        (no shield)
rNeg    . . .        m - +3 ring mail
rPois   .            (helmet currently unavailable)
rElec   .            (no cloak)
rCorr   .            (no gloves)
SInv    .            (boots currently unavailable)
Will    .....        (no amulet)
Stlth   +            (no ring)
HPRegen 0.25/turn    (no ring)
MPRegen 0.12/turn

%: no passive effects
@: appendages (expiring)
A: horns 2, talons 2, fangs 1, strong nose, distributed training
a: End Transformation


You were on level 3 of the Dungeon.
You had temporarily grown beastly horns and talons.
You visited 1 branch of the dungeon, and saw 3 of its levels.

You collected 57 gold pieces.

Inventory:

Hand Weapons
 g - a +0 club (weapon)
 p - a +0 mace
 q - a +0 hand axe
 r - a +0 hand axe
 u - a +0 war axe
Missiles
 c - 13 stones
 x - 7 poisoned darts (quivered)
Armour
 a - a +0 robe
 j - a scarf of resistance
 m - a +3 ring mail (worn)
Jewellery
 d - a ring of protection from cold
 f - an amulet of guardian spirit
Wands
 t - a wand of iceblast (10)
Scrolls
 i - a scroll of torment {unknown}
 k - a scroll of noise {unknown}
 n - a scroll of magic mapping {unknown}
 o - 3 scrolls of identify
 w - a scroll of silence {unknown}
Potions
 b - 3 potions of lignification
 e - a potion of ambrosia
 h - a potion of might {unknown}
 l - 2 potions of degeneration {unknown}
 s - a potion of attraction {unknown}
 v - a potion of curing {unknown}


   Skills:
 + Level 2.8 Fighting
 + Level 1.2 Short Blades
 + Level 1.2 Long Blades
 + Level 1.2 Axes
 + Level 1.2 Maces & Flails
 + Level 1.2 Polearms
 + Level 1.2 Staves
 + Level 1.2 Ranged Weapons
 + Level 1.2 Throwing
 + Level 1.2 Armour
 + Level 4.7 Dodging
 + Level 1.2 Stealth
 + Level 1.2 Shields
 + Level 6.6 Unarmed Combat
 + Level 5.1 Spellcasting
 + Level 1.0 Conjurations
 + Level 1.0 Hexes
 + Level 1.0 Summonings
 + Level 1.0 Necromancy
 + Level 1.0 Translocations
 + Level 3.9 Transmutations
 + Level 1.0 Fire Magic
 + Level 1.0 Ice Magic
 + Level 1.0 Air Magic
 + Level 1.0 Earth Magic
 + Level 1.0 Poison Magic
 + Level 1.4 Invocations
 + Level 1.2 Evocations


You had 12 spell levels left.
You knew the following spells:

 Your Spells              Type           Power      Damage    Failure   Level
a - Beastly Appendage     Tmut           26%        N/A       9%          1

Your spell library contained the following spells:

 Spells                   Type           Power      Damage    Failure   Level
 Wereblood                Tmut           13%        N/A       13%         2
 Spider Form              Tmut/Pois      9%         N/A       43%         3
 Ice Form                 Ice/Tmut       9%         N/A       83%         4


Dungeon Overview and Level Annotations

Branches:
Dungeon (3/15)

Altars:

Shops:
D:1 (


Innate Abilities, Weirdness & Mutations

You have temporarily grown beastly horns and talons.
You have very sharp teeth.
Your uncanny sense of smell can sniff out nearby items.
Your experience applies equally to all skills.


Message History

Your Hexes skill increases to level 1!
Your Summonings skill increases to level 1!
Your Necromancy skill increases to level 1!
Your Translocations skill increases to level 1!
Your Fire Magic skill increases to level 1!
Your Ice Magic skill increases to level 1!
Your Air Magic skill increases to level 1!
Your Earth Magic skill increases to level 1!
Your Poison Magic skill increases to level 1!
You hit the orc.
The orc is lightly wounded.
The orc closely misses you. The orc barely misses you.
The orc closely misses you. The orc hits you but does no damage.
You hit the orc.
The orc is heavily wounded.
The orc barely misses you. The orc closely misses you.
You hit the orc. Your bite misses the orc.
The orc is heavily wounded.
The orc closely misses you. The orc hits you but does no damage.
You hit the orc. You headbutt the orc, but do no damage.
The orc is almost dead.
The orc hits you but does no damage. x2
You hit the orc but do no damage.
The orc is almost dead.
The orc hits you with a +0 flail. The orc hits you but does no damage.
The orc hits you with a +0 club. The orc hits you but does no damage.
You barely miss the orc. You headbutt the orc.
You kill the orc!
Your transformation is almost over.
The orc closely misses you. The orc hits you with a +0 flail.
Things that are here:
a +0 club; a +0 chain mail; an orc corpse You barely miss the orc.
Your kick misses the orc. The orc hits you with a +0 flail.
* * * LOW HITPOINT WARNING * * *
You hit the orc. You bite the orc.
The orc is almost dead.
The orc hits you with a +0 flail.
You die...

#.## #.....#
........... ...#
#.#..##∆ .>.........
#..#### #.#...##
#.....#######.#.#..#..#
..............#........
#.###.#########.###...#
#.#..............# ####
....#.#########..#
#.###.# #.@# ... ..#
#)o# #.# ### #..# #.#
#..# # #..# #... ∆ #
##.# #.#


You could see an orc.

Vanquished Creatures
  An orc priest (D:3)
  2 adders
  2 dart slugs
  2 orcs (D:3)
  A ball python (D:3)
  4 bats
  3 endoplasms
  2 giant cockroaches
  4 goblins
  5 hobgoblins
  4 jackals (D:2)
  3 kobolds
  3 quokkas
  3 frilled lizards
  2 rats
41 creatures vanquished.

Notes
Turn   | Place    | Note
-------+----------+-------------------------------------------
     0 | D:1      | subawu the Gnoll Transmuter began the quest for the Orb.
     0 | D:1      | Reached XP level 1. HP: 17/17 MP: 6/6
     3 | D:1      | Noticed an electric eel
    15 | D:1      | Noticed an electric eel
   252 | D:1      | Reached XP level 2. HP: 22/23 MP: 7/7
   863 | D:1      | Found Hiqadato's Antique Weapon Boutique.
  1238 | D:2      | Reached skill level 5 in Spellcasting
  1238 | D:2      | Reached XP level 3. HP: 20/28 MP: 7/9
  1337 | D:2      | Reached skill level 1 in Invocations
  2223 | D:3      | Reached skill level 1 in Short Blades
  2223 | D:3      | Reached skill level 1 in Long Blades
  2223 | D:3      | Reached skill level 1 in Axes
  2223 | D:3      | Reached skill level 1 in Maces & Flails
  2223 | D:3      | Reached skill level 1 in Polearms
  2223 | D:3      | Reached skill level 1 in Staves
  2223 | D:3      | Reached skill level 1 in Ranged Weapons
  2223 | D:3      | Reached skill level 1 in Throwing
  2223 | D:3      | Reached skill level 1 in Armour
  2223 | D:3      | Reached skill level 1 in Stealth
  2223 | D:3      | Reached skill level 1 in Shields
  2223 | D:3      | Reached skill level 1 in Evocations
  2399 | D:3      | Reached XP level 4. HP: 34/34 MP: 11/11
  3136 | D:3      | Reached skill level 1 in Conjurations
  3136 | D:3      | Reached skill level 1 in Hexes
  3136 | D:3      | Reached skill level 1 in Summonings
  3136 | D:3      | Reached skill level 1 in Necromancy
  3136 | D:3      | Reached skill level 1 in Translocations
  3136 | D:3      | Reached skill level 1 in Fire Magic
  3136 | D:3      | Reached skill level 1 in Ice Magic
  3136 | D:3      | Reached skill level 1 in Air Magic
  3136 | D:3      | Reached skill level 1 in Earth Magic
  3136 | D:3      | Reached skill level 1 in Poison Magic
  3144 | D:3      | Slain by an orc

Illustrated notes

Levels and vault maps discovered:
D:1:      arrival_aquarium_b, layout_loops_ring, serial_shops,
          nicolae_lakefront_shop
D:2:      layout_basic
D:3:      layout_basic, minmay_fountain_box, minmay_fractal_squares_gapless_5,
          uniq_crazy_yiuf_cottage

Skill      XL: |  1  2  3  4 |
---------------+-------------+-----
Spellcasting   | 5 |  5.1
Invocations    | 1 |  1.4
Short Blades   | 1 |  1.2
Long Blades    | 1 |  1.2
Axes           | 1 |  1.2
Maces & Flails | 1 |  1.2
Polearms       | 1 |  1.2
Staves         | 1 |  1.2
Ranged Weapons | 1 |  1.2
Throwing       | 1 |  1.2
Armour         | 1 |  1.2
Stealth        | 1 |  1.2
Shields        | 1 |  1.2
Evocations     | 1 |  1.2
Conjurations   | 1 |  1.0
Hexes          | 1 |  1.0
Summonings     | 1 |  1.0
Necromancy     | 1 |  1.0
Translocations | 1 |  1.0
Fire Magic     | 1 |  1.0
Ice Magic      | 1 |  1.0
Air Magic      | 1 |  1.0
Earth Magic    | 1 |  1.0
Poison Magic   | 1 |  1.0
Fighting       | |  2.8
Dodging        | |  4.7
Unarmed Combat | |  6.6
Transmutations | |  3.9

Action                     |  1- 3 |  4- 6 || total
---------------------------+-------+-------++-------
  Melee: Unarmed           |    24 |       ||    24
         Punch             |     7 |     1 ||     8
         Club              |   116 |    30 ||   146
         Bite              |    14 |     5 ||    19
         Kick              |     5 |     2 ||     7
         Headbutt          |     4 |     3 ||     7
   Cast: Beastly Appendage |     2 |     1 ||     3
    Use: Scroll            |     2 |       ||     2
   Stab: Sleeping          |     1 |       ||     1
 Armour: Robe              |    10 |       ||    10
         Ring mail         |    80 |    30 ||   110
  Dodge: Dodged            |   169 |    38 ||   207

Table legend: (Time is in decaauts)
 A = Elapsed time spent in this place.
 B = Non-inter-level travel time spent in this place.
 C = Inter-level travel time spent in this place.
 D = Time resting spent in this place.
 E = Time spent auto-exploring this place.
 F = Levels seen in this place.
 G = Mean time per level.
                   A        B        C        D        E       F      G
               +--------+--------+--------+--------+--------+-----+--------+
         Total |   3179 |   2770 |    409 |    197 |     18 |   3 | 1059.7 |
       Dungeon |   3179 |   2770 |    409 |    197 |     18 |   3 | 1059.7 |
               +--------+--------+--------+--------+--------+-----+--------+

Top non-repeatable levels by time:
     D:2: 1124 daAuts
     D:1: 1051 daAuts
     D:3: 1002 daAuts
